 Dungeon Crawl Stone Soup version 0.31.0-32-g396128a36d (webtiles) character file.

Game seed: 3044106860403044335

9320 monsoonserge the Thaumaturge (level 11, -11/124 HPs)
             Began as a Gnoll Alchemist on Apr 15, 2024.
             Was a Believer of Vehumet.
             Killed by vampiric draining
             ... invoked by a vampire
              (13 damage)
             ... on level 10 of the Dungeon.
             The game lasted 00:41:21 (9653 turns).

monsoonserge the Thaumaturge (Gnoll Alchemist)      Turns: 9653, Time: 00:41:22

Health: -11/124    AC: 25    Str:  7 (8)  XL:     11   Next: 44%
Magic:  3/23       EV:  2    Int: 16 (18) God:    Vehumet [**....]
Gold:   551        SH:  0    Dex: 12 (13) Spells: 11/26 levels left

rFire   + . .        d - staff of alchemy
rCold   . . .        D - orb {mayhem}
rNeg    . . .        T - melded +1 steam dragon scales
rPois   +            q - melded +2 helmet {Int+3}
rElec   .            x - melded +1 cloak
rCorr   .            (gloves currently unavailable)
SInv    .            Q - melded +0 pair of boots
Will    +....        m - amulet of the acrobat
Stlth   ++++         j - ring of protection from fire
HPRegen 0.40/turn    o - ring of poison resistance
MPRegen 0.18/turn

%: mayhem, acrobat
@: tree-form, enlightened
A: stationary, stasis, torment immunity, boosted hp, (fangs 2), strong nose,
distributed training, (iridescent scales 1), deterioration 1, (fire resistance
1)
a: Renounce Religion


You were on level 10 of the Dungeon.
You worshipped Vehumet.
Vehumet was pleased with you.
You were a tree.
You visited 2 branches of the dungeon, and saw 11 of its levels.

You collected 551 gold pieces.

Inventory:

Hand Weapons
 P - a +2 trident of draining
Missiles
 h - 3 javelins (quivered)
 K - 6 poisoned darts
Armour
 g - a +0 tower shield
 q - a +2 helmet of intelligence (melded)
 x - a +1 cloak (melded)
 C - the +2 leather armour of Baldness {Int+3}
   (You found it on level 4 of the Dungeon)

   Int+3:     It affects your intelligence (+3).
 D - an orb of mayhem (worn)
 N - a scarf of invisibility
 Q - a +0 pair of boots (melded)
 T - +1 steam dragon scales (melded)
Magical Staves
 d - a staff of alchemy (weapon)
 e - a staff of fire
Jewellery
 j - a ring of protection from fire (left branch)
 m - an amulet of the acrobat (around neck)
 o - a ring of poison resistance (right branch)
 r - a ring of protection from cold
 R - a ring of see invisible
 X - an amulet of reflection
Talismans
 c - a serpent talisman
Wands
 v - a wand of flame (28)
 F - a wand of digging (5)
 G - a wand of iceblast (15)
 L - a wand of charming (11)
 O - a wand of quicksilver (13)
 V - a wand of polymorph (8)
Scrolls
 f - 2 scrolls of fog
 i - 3 scrolls of poison {unknown}
 l - a scroll of silence
 n - a scroll of brand weapon
 w - a scroll of amnesia
 y - a scroll of fear
 E - 2 scrolls of teleportation
 H - a scroll of enchant weapon {unknown}
 I - 2 scrolls of revelation
 S - a scroll of torment {unknown}
 W - a scroll of enchant armour {unknown}
Potions
 b - a potion of magic
 p - 3 potions of ambrosia
 s - 2 potions of resistance
 z - a potion of curing {unknown}
 A - 2 potions of degeneration
 B - 2 potions of haste
 J - a potion of brilliance {unknown}
 M - a potion of attraction {unknown}
 U - a potion of might {unknown}


   Skills:
 + Level 6.5 Fighting
 + Level 6.5 Short Blades
 + Level 6.5 Long Blades
 + Level 6.5 Axes
 + Level 6.5 Maces & Flails
 + Level 6.5 Polearms
 + Level 6.5 Staves
 + Level 6.5 Ranged Weapons
 + Level 6.5 Throwing
 + Level 6.5 Armour
 + Level 8.1 Dodging
 + Level 7.8 Stealth
 + Level 6.5 Shields
 + Level 6.5 Unarmed Combat
 + Level 8.3 Spellcasting
 + Level 5.9 Conjurations
 + Level 5.4 Hexes
 + Level 5.4 Summonings
 + Level 5.4 Necromancy
 + Level 5.4 Translocations
 + Level 5.4 Fire Magic
 + Level 5.4 Ice Magic
 + Level 5.4 Air Magic
 + Level 5.4 Earth Magic
 + Level 7.8 Alchemy
 + Level 7.2 Invocations
 + Level 6.5 Evocations
 + Level 5.9 Shapeshifting


You had 11 spell levels left.
You knew the following spells:

 Your Spells              Type           Power      Damage    Failure   Level
a - Sting                 Conj/Alch      100%       1d9       1%          1
b - Mephitic Cloud        Conj/Alch/Air  40%        N/A       2%          3
c - Blink                 Tloc           48%        N/A       1%          2
d - Olgreb's Toxic Radia  Alch           47%        N/A       4%          4
e - Sticky Flame          Fire/Alch      41%        2d8       7%          4
f - Foxfire               Conj/Fire      96%        2x1d8     1%          1

Your spell library contained the following spells:

 Spells                   Type           Power      Damage    Failure   Level
 Kiss of Death            Conj/Necr      96%        2d12      1%          1
 Apportation              Tloc           48%        N/A       1%          1
 Magic Dart               Conj           100%       1d8       1%          1
 Call Imp                 Summ           48%        N/A       1%          2
 Jinxbite                 Hex            48%        N/A       1%          2
 Mercury Vapours          Alch/Air       82%        N/A       1%          2
 Sublimation of Blood     Necr           24%        N/A       1%          2
 Alistair's Intoxication  Alch           31%        N/A       12%         5
 Summon Hydra             Summ           12%        N/A       100%        7


Dungeon Overview and Level Annotations

Branches:
Dungeon (10/15)            Temple (1/1) D:5            Lair (0/5) D:8
    Orc: D:9-12

Altars:
Ashenzari
Cheibriados
Dithmenos
Elyvilon
Fedhas
Gozag
Hepliaklqana
Kikubaaqudgha
Nemelex Xobeh
Okawaru
Qazlal
Ru
Sif Muna
Trog
Uskayaw
Vehumet
Wu Jian
Xom
Yredelemnul
The Shining One

Shops:
D:3 :   D:9 (


Innate Abilities, Weirdness & Mutations

You are a tree.
Your roots penetrate the ground, keeping you stationary.
You cannot be teleported.
You are immune to unholy pain and torment.
Your maximum health is greatly increased.
Your equipment is partially melded.
((You have extremely sharp teeth.))
Your uncanny sense of smell can sniff out nearby items.
Your experience applies equally to all skills.
((You are partially covered in iridescent scales. (AC +2)))
Your body sometimes deteriorates upon taking damage.
((Your flesh is heat resistant. (rF+)))


Message History

Something bites you but does no damage.
Casting: Foxfire (safe; 1% risk of failure)
Confirm with . or Enter, or press ? or * to list all spells.
You conjure some foxfire!
The foxfire hits something but does no damage.
The foxfire hits something!
Something completely misses you. Something bites you!
* * * LOW HITPOINT WARNING * * *
Something draws strength from your injuries!
Okay, then.
Casting: Foxfire (safe; 1% risk of failure)
Confirm with . or Enter, or press ? or * to list all spells.
You conjure some foxfire!
The foxfire hits something but does no damage. x2
Something hits you but does no damage. Something bites you but does no damage.
Unknown command.
Casting: Foxfire (safe; 1% risk of failure)
Confirm with . or Enter, or press ? or * to list all spells.
You conjure some foxfire!
The foxfire hits something but does no damage. x2
Something hits you but does no damage. Something bites you but does no damage.
Unknown command.
Casting: Foxfire (safe; 1% risk of failure)
Confirm with . or Enter, or press ? or * to list all spells.
You conjure some foxfire!
The foxfire hits something.
The foxfire hits something but does no damage.
Something hits you.
* * * LOW HITPOINT WARNING * * *
Something bites you but does no damage.
Casting: Foxfire (safe; 1% risk of failure)
Confirm with . or Enter, or press ? or * to list all spells.
You conjure some foxfire!
The foxfire hits something.
The foxfire hits something but does no damage.
Something hits you but does no damage. Something bites you but does no damage.
Unknown command.
Casting: Foxfire (safe; 1% risk of failure)
Confirm with . or Enter, or press ? or * to list all spells.
You conjure some foxfire!
The foxfire hits something.
The foxfire hits something!
Something draws life force from you!
You die...

#....# #.......#....## )
#.......#...... ..
#.......#...... ....
#.......#.<....
....######.......#......
.................#.)....
......§v..$......#......
......§♣{........#......
......v..........#...###
..........########...#
..........'..........#
..........#..........#
..........#..........#
..........###+########
........... ..........


There were no monsters in sight!

Vanquished Creatures
  2 two-headed ogres (D:9)
  Pikel (D:5)
  Joseph (D:7)
  Maggie (D:8)
  An unseen horror (D:9)
  Jeremiah (D:8)
  A komodo dragon (D:8)
  4 polar bears (D:8)
  8 yaks
  A wyvern (D:9)
  2 steam dragons
  An acid dragon (D:9)
  4 water moccasins
  3 black bears
  2 ice beasts (D:6)
  An orc warrior (D:8)
  A sky beast (D:8)
  An ogre (D:4)
  A wolf (D:8)
  6 centaurs
  3 lemures (D:5)
  A kobold brigand (D:9)
  Blork the orc (D:5)
  3 bullfrogs (D:8)
  2 scorpions (D:4)
  A wight (D:4)
  7 killer bees
  2 howler monkeys
  An electric eel (D:8)
  A wyvern simulacrum (D:8)
  5 hounds
  4 jellies
  2 bombardier beetles
  3 orc priests
  4 iguanas
  An orc wizard (D:8)
  A gnoll (D:4)
  7 adders
  3 shadow imps
  4 white imps (D:8)
  3 ufetubi (D:8)
  6 dart slugs
  24 orcs
  8 ball pythons
  8 bats
  8 endoplasms
  6 giant cockroaches
  12 goblins
  8 hobgoblins
  5 jackals
  13 kobolds
  3 quokkas
  A frilled lizard (D:2)
  3 rats
207 creatures vanquished.

Vanquished Creatures (collateral kills)
  A water moccasin (D:6)
  An ice beast (D:6)
  An orc wizard (D:6)
  An ufetubus (D:8)
  3 orcs (D:8)
7 creatures vanquished.

Vanquished Creatures (others)
  A shadow (D:9)
  A bullfrog (D:8)
  A killer bee (D:7)
  An orc wizard (D:8)
  134 foxfires
138 creatures vanquished.

Grand Total: 352 creatures vanquished

Notes
Turn   | Place    | Note
-------+----------+-------------------------------------------
     0 | D:1      | monsoonserge the Gnoll Alchemist began the quest for the
                  | Orb.
     0 | D:1      | Reached XP level 1. HP: 13/13 MP: 6/6
    99 | D:1      | Reached XP level 2. HP: 19/19 MP: 0/7
   464 | D:1      | Reached skill level 5 in Spellcasting
   464 | D:1      | Reached XP level 3. HP: 25/25 MP: 5/9
   592 | D:1      | Learned a level 3 spell: Mephitic Cloud
   816 | D:2      | Reached skill level 1 in Invocations
   996 | D:2      | Learned a level 2 spell: Blink
  1133 | D:2      | Reached skill level 1 in Fighting
  1133 | D:2      | Reached skill level 1 in Short Blades
  1133 | D:2      | Reached skill level 1 in Long Blades
  1133 | D:2      | Reached skill level 1 in Axes
  1133 | D:2      | Reached skill level 1 in Maces & Flails
  1133 | D:2      | Reached skill level 1 in Polearms
  1133 | D:2      | Reached skill level 1 in Staves
  1133 | D:2      | Reached skill level 1 in Ranged Weapons
  1133 | D:2      | Reached skill level 1 in Throwing
  1133 | D:2      | Reached skill level 1 in Armour
  1133 | D:2      | Reached skill level 1 in Shields
  1133 | D:2      | Reached skill level 1 in Unarmed Combat
  1133 | D:2      | Reached skill level 1 in Evocations
  1377 | D:2      | Reached skill level 1 in Shapeshifting
  1377 | D:2      | Reached XP level 4. HP: 30/32 MP: 7/11
  1511 | D:3      | Learned a level 4 spell: Olgreb's Toxic Radiance
  1549 | D:3      | Found Yres's Book Shop.
  1641 | D:3      | Reached skill level 1 in Hexes
  1641 | D:3      | Reached skill level 1 in Summonings
  1641 | D:3      | Reached skill level 1 in Necromancy
  1641 | D:3      | Reached skill level 1 in Translocations
  1641 | D:3      | Reached skill level 1 in Fire Magic
  1641 | D:3      | Reached skill level 1 in Ice Magic
  1641 | D:3      | Reached skill level 1 in Air Magic
  1641 | D:3      | Reached skill level 1 in Earth Magic
  1705 | D:3      | Found a stormy altar of Qazlal.
  1718 | D:3      | Found a shimmering blue altar of Sif Muna.
  1900 | D:3      | Reached XP level 5. HP: 33/37 MP: 9/12
  1983 | D:3      | Found a snail-covered altar of Cheibriados.
  2177 | D:3      | Found a glowing golden altar of the Shining One.
  2419 | D:4      | Noticed an ogre
  2757 | D:4      | Reached XP level 6. HP: 39/44 MP: 9/14
  2761 | D:4      | Reached skill level 5 in Dodging
  2967 | D:4      | Reached XP level 7. HP: 35/50 MP: 10/15
  3039 | D:4      | Identified the +2 leather armour of Baldness {Int+3}
  3286 | D:4      | Reached skill level 5 in Stealth
  3713 | D:5      | Entered Level 5 of the Dungeon
  3871 | D:5      | Found a staircase to the Ecumenical Temple.
  3888 | Temple   | Entered the Ecumenical Temple
  3898 | Temple   | Became a worshipper of Vehumet
  4005 | D:5      | Noticed Pikel
  4012 | D:5      | Killed Pikel
  4013 | D:5      | Reached XP level 8. HP: 58/58 MP: 1/17
  4014 | D:5      | Noticed Blork the orc
  4397 | D:5      | Killed Blork the orc
  4655 | D:6      | Reached XP level 9. HP: 46/65 MP: 4/18
  4787 | D:6      | Learned a level 4 spell: Sticky Flame
  5661 | D:7      | Reached skill level 5 in Invocations
  6211 | D:7      | Noticed Joseph
  6348 | D:7      | Killed Joseph
  6349 | D:7      | Reached skill level 5 in Fighting
  6349 | D:7      | Reached skill level 5 in Short Blades
  6349 | D:7      | Reached skill level 5 in Long Blades
  6349 | D:7      | Reached skill level 5 in Axes
  6349 | D:7      | Reached skill level 5 in Maces & Flails
  6349 | D:7      | Reached skill level 5 in Polearms
  6349 | D:7      | Reached skill level 5 in Staves
  6349 | D:7      | Reached skill level 5 in Ranged Weapons
  6349 | D:7      | Reached skill level 5 in Throwing
  6349 | D:7      | Reached skill level 5 in Armour
  6349 | D:7      | Reached skill level 5 in Shields
  6349 | D:7      | Reached skill level 5 in Unarmed Combat
  6349 | D:7      | Reached skill level 5 in Evocations
  6349 | D:7      | Reached XP level 10. HP: 35/74 MP: 5/20
  6596 | D:8      | Reached * piety under Vehumet
  6596 | D:8      | Offered knowledge of Foxfire by Vehumet.
  6677 | D:7      | Learned a level 1 spell: Foxfire
  7050 | D:8      | Noticed Jeremiah
  7060 | D:8      | Killed Jeremiah
  7061 | D:8      | Reached skill level 5 in Conjurations
  7133 | D:8      | Reached skill level 5 in Shapeshifting
  7419 | D:8      | Found a staircase to the Lair.
  7896 | D:8      | Noticed Maggie
  7909 | D:8      | Killed Maggie
  8166 | D:8      | Offered knowledge of Kiss of Death by Vehumet.
  8384 | D:9      | Noticed a two-headed ogre
  8397 | D:9      | Killed a two-headed ogre
  8397 | D:9      | Reached ** piety under Vehumet
  8398 | D:9      | Reached skill level 5 in Hexes
  8398 | D:9      | Reached skill level 5 in Summonings
  8398 | D:9      | Reached skill level 5 in Necromancy
  8398 | D:9      | Reached skill level 5 in Translocations
  8398 | D:9      | Reached skill level 5 in Fire Magic
  8398 | D:9      | Reached skill level 5 in Ice Magic
  8398 | D:9      | Reached skill level 5 in Air Magic
  8398 | D:9      | Reached skill level 5 in Earth Magic
  8398 | D:9      | Reached XP level 11. HP: 42/81 MP: 7/23
  8582 | D:9      | Noticed a two-headed ogre
  8597 | D:9      | Killed a two-headed ogre
  9335 | D:9      | Found Waph's Antique Weapon Boutique.
  9570 | D:10     | Entered Level 10 of the Dungeon
  9638 | D:10     | Gained mutation: Your body sometimes deteriorates upon
                  | taking damage. [potion of mutation]
  9638 | D:10     | Gained mutation: You are partially covered in iridescent
                  | scales. (AC +2) [potion of mutation]
  9638 | D:10     | Gained mutation: Your flesh is heat resistant. (rF+)
                  | [potion of mutation]
  9638 | D:10     | Gained mutation: You have extremely sharp teeth. [potion of
                  | mutation]
  9638 | D:10     | HP: 4/83 [something (5)]
  9648 | D:10     | HP: 3/124 [something (9)]
  9651 | D:10     | HP: 1/124 [something (3)]
  9653 | D:10     | Killed from afar by a vampire

Illustrated notes

Levels and vault maps discovered:
D:1:      dpeg_arrival_prison, layout_basic, minmay_tetromino_l2
D:2:      layout_rooms, minmay_shallow_snake_nest
D:3:      layout_loops_ring, mainiacjoe_overflow_brackets, lemuel_round_altar,
          jmf_multi_god_temple, serial_shops, nicolae_shop_tiny_waterfront,
          hangedman_decor_clover_reticule, chequers_serial_rivers_micro_d
D:4:      minmay_octagon_keep, layout_loops_ring, kennysheep_generic_room_8
D:5:      layout_cave_pools, minmay_temple_entry_arrows, hangedman_decor_lopped,
          uniq_blork_the_orc, uniq_pikel
D:6:      layout_loops_ring, corexii_leaking_fountain, minmay_fractal_squares_5
D:7:      layout_basic, uniq_joseph
D:8:      layout_basic, grunt_lair_entry_orc_guard_hut, serial_ice,
          serial_ice_a, serial_ice_h, serial_ice_l, serial_ice_n, serial_ice_o,
          serial_ice_d, serial_ice_m, serial_ice_g, uniq_jeremiah, uniq_maggie
D:9:      layout_roguey, serial_shops, shop
D:10:     layout_gridville, grunt_temple_overflow_order_and_chaos_2,
          uniq_amaemon, uniq_maurice, uniq_sonja
Temple:   nicolae_temple_bog_church

Skill      XL: |  1  2  3  4  5  6  7  8  9 10 11 |
---------------+----------------------------------+-----
Conjurations   | 2 3 4 5 |  5.9
Spellcasting   | 5 6 7 8 |  8.3
Invocations    | 1 2 3 4 5 6 7 |  7.2
Fighting       | 1 2 3 5 6 |  6.5
Short Blades   | 1 2 3 5 6 |  6.5
Long Blades    | 1 2 3 5 6 |  6.5
Axes           | 1 2 3 5 6 |  6.5
Maces & Flails | 1 2 3 5 6 |  6.5
Polearms       | 1 2 3 5 6 |  6.5
Staves         | 1 2 3 5 6 |  6.5
Ranged Weapons | 1 2 3 5 6 |  6.5
Throwing       | 1 2 3 5 6 |  6.5
Armour         | 1 2 3 5 6 |  6.5
Shields        | 1 2 3 5 6 |  6.5
Unarmed Combat | 1 2 3 5 6 |  6.5
Evocations     | 1 2 3 5 6 |  6.5
Shapeshifting  | 1 2 3 4 5 |  5.9
Hexes          | 1 2 3 4 5 |  5.4
Summonings     | 1 2 3 4 5 |  5.4
Necromancy     | 1 2 3 4 5 |  5.4
Translocations | 1 2 3 4 5 |  5.4
Fire Magic     | 1 2 3 4 5 |  5.4
Ice Magic      | 1 2 3 4 5 |  5.4
Air Magic      | 1 2 3 4 5 |  5.4
Earth Magic    | 1 2 3 4 5 |  5.4
Dodging        | 5 6 7 8 |  8.1
Stealth        | 5 6 7 |  7.8
Alchemy        | 6 7 |  7.8

Action                     |  1- 3 |  4- 6 |  7- 9 | 10-12 || total
---------------------------+-------+-------+-------+-------++-------
  Melee: Unarmed           |    11 |       |       |       ||    11
         Bite              |     4 |     4 |     6 |    11 ||    25
         Short sword       |     4 |       |       |       ||     4
         Staff             |    13 |    39 |    64 |    69 ||   185
         Punch             |       |     1 |     1 |       ||     2
  Throw: Javelin           |       |     4 |       |       ||     4
   Cast: Sting             |    53 |    63 |    57 |    22 ||   195
         Olgreb's Toxic Ra |       |     3 |    24 |    35 ||    62
         Blink             |       |     3 |     2 |       ||     5
         Mephitic Cloud    |       |       |     8 |    17 ||    25
         Sticky Flame      |       |       |     5 |     6 ||    11
         Foxfire           |       |       |       |    72 ||    72
  Evoke: Wand              |       |     9 |     7 |       ||    16
    Use: Scroll            |       |       |     8 |     3 ||    11
         Potion            |       |       |       |     5 ||     5
   Stab: Sleeping          |     1 |       |       |       ||     1
         Confused          |       |       |     1 |    12 ||    13
 Armour: Robe              |    26 |       |       |       ||    26
         Leather armour    |     2 |    31 |    58 |       ||    91
         Steam dragon scal |       |       |    11 |    72 ||    83
         Skin              |       |       |       |    15 ||    15
  Dodge: Dodged            |    45 |    49 |    98 |    72 ||   264
